 Dungeon Crawl Stone Soup version 0.29.0-4-gdea44cf6ec (webtiles) character file.

Game seed: 7234288944788466478

5 qw the Sneak (level 1, -2/14 HPs)
             Began as a Gargoyle Delver on Sept 10, 2022.
             Splashed by a jelly's acid (5 damage)
             ... on level 5 of the Dungeon.
             The game lasted 00:00:03 (166 turns).

qw the Sneak (Gargoyle Delver)                       Turns: 166, Time: 00:00:04

Health: -2/14      AC:  1    Str: 15    XL:     1   Next: 80%
Magic:  1/1        EV: 11    Int: 10    God:
Gold:   0          SH:  0    Dex: 11    Spells: 0/0 levels left

rFire   . . .      SeeInvis .   a - +0 hand axe
rCold   . . .      Faith    .   (no shield)
rNeg    + . .      Spirit   .   b - +0 leather armour
rPois   inf        Reflect  .   (no helmet)
rElec   +          Harm     .   (no cloak)
rCorr   .          Rampage  .   (no gloves)
Will    .....                   (no boots)
Stlth   +++.......              (no amulet)
HPRegen 0.04/turn               (no ring)
MPRegen 0.07/turn               (no ring)

@: corroded
A: sickness immunity, AC +2, negative energy resistance 1, electricity
resistance, torment resistance 1, petrification resistance
a: no special abilities


You were on level 5 of the Dungeon.
You visited 1 branch of the dungeon, and saw 1 of its levels.


Innate Abilities, Weirdness & Mutations

You are immune to sickness and miasma.
Your stone body is resilient. (AC +2)
You are immune to poison.
You resist negative energy. (rN+)
You are resistant to electric shocks. (rElec)
You are resistant to unholy torment.
You are immune to petrification.


   Skills:
 - Level 3.2 Fighting
 + Level 2.2 Axes
 - Level 1.5 Dodging
 - Level 5.4 Stealth


You couldn't memorise any spells.
You didn't know any spells.
Your spell library was empty.

Inventory:

Hand Weapons
 a - a +0 hand axe (weapon)
Armour
 b - a +0 leather armour (worn)
Wands
 g - a wand of digging (3)
Scrolls
 c - a scroll of fog
 d - a scroll of magic mapping
 e - a scroll of fear
 h - a scroll of teleportation {unknown}
 i - a scroll of vulnerability {unknown}
Potions
 f - a potion of haste

Dungeon Overview and Level Annotations

Branches:
Dungeon (5/15)
 Temple: D:4-7

Altars:

Shops:
D:5 [


Message History

153 ||| SHOPLISTING +2 robe of cold resistance (212 gold, have 0).
You can access your shopping list by pressing '$'.
153 ||| SHOPLISTING +3 leather armour of cold resistance (288 gold, have 0).
You can access your shopping list by pressing '$'.
154 ||| Stepping ~*~*~tactically~*~*~ (stealth).
A jackal comes into view.
Found 9 gold pieces.
157 ||| Stepping ~*~*~tactically~*~*~ (stealth).
159 ||| Stepping ~*~*~tactically~*~*~ (stealth).
A jackal comes into view.
Found a stone staircase leading down.
The jackal barks! x2; You hear a bark!
160 ||| Stepping ~*~*~tactically~*~*~ (stealth).
A jackal comes into view.
The jackal moves out of view.
The jelly quivers.
You hit the jackal.
The jackal is moderately wounded.
The jackal bites you. The jackal closely misses you.
You closely miss the jackal.
The jackal is lightly wounded.
You hit the jackal but do no damage.
The jackal bites you but does no damage.
The jackal closely misses you.
The jackal bites you but does no damage.
You hit the jelly.
Your hands burn!
The jelly is moderately wounded.
You hit the jackal. You barely miss the jackal.
The jackal bites you but does no damage.
The jackal bites you. The jackal closely misses you.
The jelly hits you but does no damage.
You hit the jelly. The acid corrodes you!
Your hands burn!
The jelly is heavily wounded.
You hit the jackal but do no damage. You closely miss the jackal.
You barely miss the jackal. The jackal bites you. The jackal barely misses you.
The jackal closely misses you. The jelly hits you but does no damage.
The jackal closely misses you. x3
You hit the jelly.
Your hands burn!
You die...

#.# ...#####..# #.#
#.#.#####..# #.#
.......##..# #.#
........#..# #.#
..#.##..#..# #..
#$........\.######
##.>##.............
.......#..###.####.
......!@h.....#
.##.##hhJ.###.#
............
#...#..##.##..
#...#... ... ....
..## J### ~#. .##
.# ~~~~


You could see a jelly and 3 jackals.

Vanquished Creatures
  An ufetubus (D:5)
1 creature vanquished.

Notes
Turn   | Place    | Note
-------+----------+-------------------------------------------
     0 | D:5      | qw the Gargoyle Delver began the quest for the Orb.
     0 | D:5      | Reached XP level 1. HP: 14/14 MP: 1/1
     0 | D:5      | 0 ||| qw: Version: 0.1-a-117-gfe26ee0
     0 | D:5      | 0 ||| qw: Game counter: 9629
     0 | D:5      | 0 ||| qw: Always use a shield: true
     0 | D:5      | 0 ||| qw: God list: Okawaru
     0 | D:5      | 0 ||| qw: Allow faded altars: false
     0 | D:5      | 0 ||| qw: Do Orc after D:15 true
     0 | D:5      | 0 ||| qw: Do second Lair branch before Depths: true
     0 | D:5      | 0 ||| qw: Lair rune preference: random
     0 | D:5      | 0 ||| qw: Plans: Normal
     0 | D:5      | 0 ||| PLANNING D:1-11
    59 | D:5      | Found Zudyagao's Armour Emporium.
   105 | D:5      | Noticed a jelly
   106 | D:5      | 106 ||| Stepping ~*~*~tactically~*~*~ (stealth).
   107 | D:5      | 107 ||| Stepping ~*~*~tactically~*~*~ (stealth).
   127 | D:5      | Noticed a hound
   134 | D:5      | 134 ||| Stepping ~*~*~tactically~*~*~ (stealth).
   153 | D:5      | 153 ||| SHOPLISTING +0 buckler (54 gold, have 0).
   153 | D:5      | 153 ||| SHOPLISTING +0 leather armour of willpower (108
                  | gold, have 0).
   153 | D:5      | 153 ||| SHOPLISTING +0 pair of gloves (54 gold, have 0).
   153 | D:5      | 153 ||| SHOPLISTING +0 ring mail (48 gold, have 0).
   153 | D:5      | 153 ||| SHOPLISTING +0 scale mail (48 gold, have 0).
   153 | D:5      | 153 ||| SHOPLISTING +1 pair of gloves "Ybaadawn" {Harm
                  | rCorr Dex+2} (315 gold, have 0).
   153 | D:5      | 153 ||| SHOPLISTING +2 robe of cold resistance (212 gold,
                  | have 0).
   153 | D:5      | 153 ||| SHOPLISTING +3 leather armour of cold resistance
                  | (288 gold, have 0).
   154 | D:5      | 154 ||| Stepping ~*~*~tactically~*~*~ (stealth).
   157 | D:5      | 157 ||| Stepping ~*~*~tactically~*~*~ (stealth).
   159 | D:5      | 159 ||| Stepping ~*~*~tactically~*~*~ (stealth).
   160 | D:5      | 160 ||| Stepping ~*~*~tactically~*~*~ (stealth).
   165 | D:5      | HP: 3/14 [jackal (1)]
   166 | D:5      | Splashed by a jelly's acid

Levels and vault maps discovered:
D:5:      cheibrodos_thug_alley, layout_loops_cross, serial_shops, shop

Skill      XL: |  1 |
---------------+----+-----
Axes           | 2 |  2.2
Fighting       | |  3.2
Dodging        | |  1.5
Stealth        | |  5.4

Action                   || total
-------------------------++-------
Melee: Hand axe          ||    13
Armor: Leather armour    ||    15
Dodge: Dodged            ||    20

Table legend:
 A = Non-vault XP
 B = Vault XP
 C = Vault XP percentage of total XP
 D = Non-vault monster count
 E = Vault monster count
 F = Vault count percentage of total count
                 A         B        C        D         E       F
            +---------+---------+-------+---------+---------+-------
      Total |       8 |       0 |   0.0 |       1 |       0 |   0.0
            +---------+---------+-------+---------+---------+-------
        D:5 |       8 |       0 |   0.0 |       1 |       0 |   0.0
            +---------+---------+-------+---------+---------+-------
